 Dungeon Crawl Stone Soup version 0.24-a0-486-ged8816983f (webtiles) character file.

Game seed: 16319122193850099474

354703 gruber the Tortoise (level 22, -12/114 HPs)
             Began as a Vine Stalker Fighter on July 8, 2019.
             Was a High Priest of Okawaru.
             Killed from afar by a titan (17 damage)
             ... with a bolt of lightning
             ... on level 1 of the Depths on July 9, 2019.
             The game lasted 01:58:24 (45278 turns).

gruber the Tortoise (Vine Stalker Fighter)         Turns: 45278, Time: 01:58:25

Health: -12/114    AC: 27    Str: 26    XL:     22   Next: 30%
Magic:  0/37       EV: 22    Int:  8    God:    Okawaru [*****.]
Gold:   1636       SH: 24    Dex: 23    Spells: 35/41 levels left

rFire    + . .     SeeInvis .   o - +8 demon trident "Rift" {distort, reach+}
rCold    + . .     Gourm    .   X - +0 large shield {rPois}
rNeg     + . .     Faith    .   K - +2 chain mail {rC+}
rPois    +         Spirit   +   e - +3 helmet of Okawaru's Generosity {Dex+3}
rElec    .         Reflect  .   r - scarf {repulsion}
rCorr    .         Harm     .   G - +0 pair of fencer's gloves {Riposte Dex+3}
MR       +++++     Clarity  +   k - +1 pair of boots {run}
Stlth    ..........             S - amulet of the Four Winds {rN+ MR+++ Clar}
HPRegen  1.09/turn              N - ring of protection from fire
MPRegen  0.25/turn              A - ring of protection from magic

@: heroism, finesse, studying Unarmed Combat, repel missiles, quick
A: fangs 3, regeneration 2, magic shield, antimagic bite, no potion heal 3, rot
immunity
}: 2/15 runes: decaying, serpentine
a: Heroism, Finesse, Renounce Religion


You were on level 1 of the Depths.
You worshipped Okawaru.
Okawaru was extremely pleased with you.
You were very hungry.

You visited 7 branches of the dungeon, and saw 37 of its levels.
You visited 1 bazaar.
You also visited: Sewer and Ice Cave.

You collected 4148 gold pieces.
You spent 2512 gold pieces at shops.

Inventory:

Hand Weapons
 i - a +2 vampiric spear
 o - the +8 demon trident "Rift" (weapon) {distort, reach+}
   (You took it off a deep elf demonologist on level 3 of the Elven Halls)

   It warps and distorts space around it.
   Unwielding it can cause banishment or high damage.
Missiles
 C - 4 throwing nets (quivered)
 P - 7 datura-tipped darts
 U - 13 curare-tipped darts
Armour
 e - the +3 helmet of Okawaru's Generosity (worn) {Dex+3}
   (Okawaru gifted it to you on level 2 of the Snake Pit)

   It affects your dexterity (+3).
 k - a +1 pair of boots of running (worn)
 r - a scarf of repulsion (worn)
 G - the +0 pair of fencer's gloves (worn) {Riposte Dex+3}
   (You bought it in a shop on level 12 of the Dungeon)

   It affects your dexterity (+3).
 K - a +2 chain mail of cold resistance (worn)
 X - a +0 large shield of poison resistance (worn)
Jewellery
 A - a ring of protection from magic (right hand)
 J - an uncursed ring of protection from cold
 N - a ring of protection from fire (left hand)
 S - the amulet of the Four Winds (around neck) {rN+ MR+++ Clar}
   (You bought it in a shop on level 3 of the Snake Pit)

   [amulet of nothing]

   It protects you from negative energy.
   It affects your resistance to hostile enchantments.
   It protects you against confusion.
 Y - an uncursed ring of resist corrosion
Wands
 v - a wand of paralysis (55)
 D - a wand of acid (15)
 E - a wand of clouds (2)
 H - a wand of digging (13)
 R - a wand of iceblast (45)
 V - a wand of flame (23)
Scrolls
 a - 3 scrolls of silence
 b - 19 scrolls of identify
 g - 11 scrolls of teleportation
 h - 6 scrolls of random uselessness
 j - 6 scrolls of enchant armour
 m - 14 scrolls of remove curse
 n - a scroll of holy word
 q - 6 scrolls of blinking
 t - 6 scrolls of fog
 y - 3 scrolls of vulnerability
 z - 6 scrolls of magic mapping
 F - 6 scrolls of amnesia
 L - 10 scrolls of enchant weapon
 Q - 6 scrolls of fear
 Z - a scroll of brand weapon
Potions
 c - 5 potions of brilliance
 d - 4 potions of might
 l - 14 potions of curing
 p - 3 potions of magic
 s - 3 potions of ambrosia
 u - 5 potions of agility
 w - 10 potions of haste
 x - 2 potions of invisibility
 I - 3 potions of resistance
 M - 5 potions of mutation
 O - 2 potions of flight
 T - 3 potions of berserk rage
 W - 4 potions of cancellation
Books
 B - a manual of Unarmed Combat
Comestibles
 f - 61 rations


   Skills:
 - Level 11.0(16.0) Fighting
 * Level 14.8(19.8) Polearms
 - Level 15.4(20.4) Armour
 - Level 12.0(17.0) Dodging
 - Level 15.1(20.1) Shields
 - Level 10.0 Spellcasting
 - Level 8.0 Hexes
 - Level 11.0 Charms
 - Level 11.0 Necromancy
 - Level 5.6 Invocations


You had 35 spell levels left.
You knew the following spells:

 Your Spells              Type           Power        Failure   Level  Hunger
a - Regeneration          Chrm/Necr      ###.......   2%          3    ###....
b - Spectral Weapon       Hex/Chrm       ###.....     5%          3    ###....

Your spell library contained the following spells:

 Spells                   Type           Power        Failure   Level  Hunger
 Animate Skeleton         Necr           N/A          1%          1    None
 Infusion                 Chrm           ###.         1%          1    None
 Song of Slaying          Chrm           ###.....     1%          2    #......
 Confusing Touch          Hex            ###...       3%          1    None
 Corona                   Hex            ###....      3%          1    None
 Slow                     Hex            ###.....     4%          2    #......
 Confuse                  Hex            ###.....     10%         3    ###....
 Tukima's Dance           Hex            ###.....     10%         3    ###....
 Shroud of Golubria       Chrm/Tloc      ##....       14%         2    #......
 Ensorcelled Hibernation  Hex/Ice        ##....       26%         2    #......
 Ozocubu's Armour         Chrm/Ice       ##......     26%         3    ###....
 Cause Fear               Hex            ###.......   32%         4    ####...
 Dazzling Spray           Conj/Hex       ##....       45%         3    ###....
 Portal Projectile        Hex/Tloc       ##....       45%         3    ###....
 Apportation              Tloc           #.....       65%         1    None
 Beastly Appendage        Tmut           #.....       65%         1    None
 Flame Tongue             Conj/Fire      #....        65%         1    None
 Freeze                   Ice            #...         65%         1    None
 Magic Dart               Conj           #...         65%         1    None
 Sandblast                Erth           #.....       65%         1    None
 Sting                    Conj/Pois      #...         65%         1    None
 Summon Butterflies       Summ           #.......     65%         1    None
 Summon Small Mammal      Summ           #...         65%         1    None
 Blink                    Tloc           N/A          78%         2    #......
 Call Imp                 Summ           #.......     78%         2    #......
 Passwall                 Tmut/Erth      #.......     78%         2    #......
 Poisonous Vapours        Pois/Air       #.....       78%         2    #......
 Sticks to Snakes         Tmut           #.......     78%         2    #......
 Throw Frost              Conj/Ice       #.....       78%         2    #......
 Call Canine Familiar     Summ           #.......     95%         3    ###....
 Conjure Flame            Conj/Fire      #.......     95%         3    ###....
 Gell's Gravitas          Tloc           #.........   95%         3    ###....
 Mephitic Cloud           Conj/Pois/Air  #.......     95%         3    ###....
 Recall                   Summ/Tloc      N/A          95%         3    ###....
 Spider Form              Tmut/Pois      #.........   95%         3    ###....
 Stone Arrow              Conj/Erth      #.....       95%         3    ###....
 Metabolic Englaciation   Hex/Ice        ##........   99%         5    ######.
 Summon Mana Viper        Hex/Summ       ##......     99%         5    ######.
 Yara's Violent Unravell  Hex/Tmut       ##........   99%         5    ######.
 Force Lance              Conj/Tloc      #.......     100%        4    ####...
 Ice Form                 Ice/Tmut       #.......     100%        4    ####...
 Olgreb's Toxic Radiance  Pois           #.......     100%        4    ####...
 Petrify                  Tmut/Erth      #.......     100%        4    ####...
 Summon Ice Beast         Ice/Summ       #.......     100%        4    ####...
 Throw Icicle             Conj/Ice       #.......     100%        4    ####...
 Blade Hands              Tmut           #.........   100%        5    ######.
 Lee's Rapid Deconstruct  Erth           #.........   100%        5    ######.
 Venom Bolt               Conj/Pois      #.........   100%        5    ######.
 Bolt of Cold             Conj/Ice       #.........   100%        6    #######
 Bolt of Fire             Conj/Fire      #.........   100%        6    #######
 Freezing Cloud           Conj/Ice/Air   #.........   100%        6    #######
 Ozocubu's Refrigeration  Ice            #.........   100%        6    #######
 Simulacrum               Ice/Necr       ##........   100%        6    #######
 Dragon Form              Tmut           #.........   100%        7    #######
 Ring of Flames           Chrm/Fire      ##........   100%        7    #######
 Summon Hydra             Summ           #.........   100%        7    #######
 Disjunction              Tloc           #.........   100%        8    #######
 Dragon's Call            Summ           #.........   100%        9    #######


Dungeon Overview and Level Annotations

Branches:
Dungeon (15/15)            Temple (0/1) D:6            Lair (6/6) D:10
  Swamp (4/4) Lair:2        Snake (4/4) Lair:2        Slime (0/5) Lair:6
    Orc (2/2) D:11            Elf (3/3) Orc:2        Vaults (0/5) D:13
 Depths (3/5) D:15

Altars:
Elyvilon
Fedhas
Kikubaaqudgha
Okawaru
Qazlal
Ru
Vehumet
Yredelemnul
Jiyva

Shops:
D:7 %!:?   D:10 **(*!   D:12 [}   D:14 :   Orc:1 ([(=   Orc:2 ([*=   Elf:2 *
Elf:3 (%[   Snake:1 :   Snake:3 =   Snake:4 (

Portals:
Hell: Depths:2 Depths:3
Abyss: Depths:1
Pandemonium: Depths:3
Ziggurat: Depths:3

Annotations:
D:9 exclusion: obsidian statue
D:14 2 runed translucent doors, Woryl's ghost, journeyman CeHu
Lair:5 exclusion: oklob plant
Lair:6 exclusion: 4 oklob plants
Elf:1 exclusion: orange crystal statue


Innate Abilities, Weirdness & Mutations

You have razor-sharp teeth.
You heal very quickly.
When hurt, damage is shared between your health and your magic reserves.
Your bite disrupts and absorbs the magic of your enemies.
Potions cannot restore your health.
You are immune to rotting.


Message History

Unknown command.
Unknown command.
Magic courses through your body.
An ettin comes into view.
It is wielding a +0 dire flail and a +0 great mace.
Unknown command.
Unknown command.
Unknown command.
Attack whom?
Press: ? - help, Dir - move target cursor, f - titan
Aim: a titan You impale the titan!!
The titan is moderately wounded.
Unknown command.
Unknown command.
Casting: Spectral Weapon (safe; 5% risk of failure)
Confirm with . or Enter, or press ? or * to list all spells.
You draw out your weapon's spirit!
The titan casts a spell at you. The bolt of lightning hits you!!!
You die...

##≈≈# #...# #≈≈≈# ≈≈.C.≈ ≈$
#.... #≈≈8# ≈≈ C≈≈≈≈ ≈≈
#.... #≈≈## ≈≈# ♣≈≈C♣ #≈
#.... #≈≈≈# ≈≈≈##≈≈≈##≈
#.... #8≈≈# #≈≈≈≈≈≈≈≈≈ #....
##≈≈### #≈≈[≈C≈ #.!..
#≈≈≈#P### #≈≈§# #P #....
#♣≈≈#≈P≈####(§@# ##≈PP #....
#''#≈≈≈PPP#'§§#PP≈≈≈≈ #....
#♣≈≈≈≈♣≈≈≈≈8≈§(8P≈≈≈♣ #....
#⌠≈≈§#≈#.≈≈≈≈≈§§§≈♣#≈# #...)
##≈≈≈≈♣≈≈.≈♣)≈§§§♣≈≈♣ ##...)
#≈≈≈≈≈♣#≈#≈≈⌠§§#≈#♣≈≈ #.....
##≈≈≈≈≈≈♣≈♣≈≈§♣≈♣≈≈ ≈
##..... ##≈≈≈≈≈≈≈≈≈≈≈≈≈≈≈≈≈
##......
####≈≈≈≈≈≈≈≈≈≈≈≈≈####.......


You could see a juggernaut, a titan, 2 ettins and a friendly spectral +8 demon
trident "Rift" {distort, reach+}.

Vanquished Creatures
  Mara (Elf:3)
  Bai Suzhen (Swamp:3)
  A caustic shrike (Depths:1)
  2 deep elf blademasters (Elf:3)
  A titan (Depths:2)
  A deep elf master archer (Elf:3)
  2 sphinxes
  A storm dragon (Depths:2)
  11 nagarajas
  Aizul (Lair:2)
  A fire giant (Depths:2)
  3 frost giants
  An orc warlord (Orc:2)
  A deep elf elementalist (Elf:3)
  7 deep elf sorcerers
  12 very ugly things
  10 stone giants
  2 vampire knights
  7 deep elf annihilators
  8 deep elf demonologists (Elf:3)
  3 spark wasps (Depths:2)
  5 dire elephants (Lair:6)
  4 ettins
  3 deep elf death magi
  A great orb of eyes (Depths:2)
  Josephine (Lair:5)
  9 fire dragons
  A merfolk impaler (Depths:1)
  A yaktaur captain (Depths:3)
  4 deep elf high priests (Elf:3)
  A rakshasa (Depths:3)
  3 ice dragons
  2 catoblepae
  A hydra (shapeshifter) (Depths:2)
  21 hydras
  2 vault guards (D:13)
  2 shambling mangroves
  15 naga warriors
  4 ghost crabs
  2 spriggan air magi
  15 anacondas
  6 centaur warriors
  6 ogre magi
  5 tengu warriors
  24 two-headed ogres
  3 deep troll shamans
  10 alligators
  A small abomination (Elf:3)
  4 deep troll earth magi
  A death yak (Lair:6)
  Urug (Lair:1)
  37 dancing weapons
  4 orc high priests
  9 naga sharpshooters
  5 shock serpents
  16 deep elf knights
  Sonja (D:12)
  A spriggan berserker (Depths:2)
  A fire crab (shapeshifter) (Depths:2)
  3 iron trolls (Depths:2)
  6 unseen horrors
  The ghost of akello96 the Thaumaturge, a novice DEEE of Sif Muna (D:9)
  11 deep trolls
  3 spriggan druids
  A flayed ghost (Depths:3)
  12 swamp dragons
  A glowing orange brain (Depths:3)
  3 necromancers
  11 naga ritualists
  3 orc knights (Orc:2)
  12 deep elf archers
  A wolf spider (D:15)
  A harpy (shapeshifter) (Depths:2)
  A phantasmal warrior (Depths:3)
  14 ugly things
  8 orc sorcerers
  68 deep elf magi
  14 mana vipers
  A manticore (D:14)
  A cyclops (D:15)
  4 salamanders
  2 centaur zombies (D:12)
  9 elephants
  39 black mambas
  6 guardian serpents
  Psyche (D:10)
  An ice statue (IceCv)
  19 spiny frogs
  A gargoyle (D:14)
  6 naga magi
  2 ice devils (Lair:1)
  10 freezing wraiths (IceCv)
  3 rime drakes (Swamp:4)
  5 komodo dragons
  5 yaktaurs
  2 tengu conjurers (D:15)
  4 trolls
  A queen bee (D:15)
  3 meliai (D:15)
  A wolf spider simulacrum (IceCv)
  Prince Ribbit (D:6)
  12 hornets
  A wind drake (shapeshifter) (D:15)
  6 bog bodies
  23 slime creatures
  7 tyrant leeches
  A blink frog (Lair:6)
  16 hippogriffs
  Sigmund (D:6)
  13 spriggans
  2 vampires
  A redback (shapeshifter) (Elf:2)
  A shadow (Swamp:3)
  7 wraiths
  4 fire elementals
  11 water elementals
  43 yaks
  Eustachio (D:4)
  18 humans
  6 wyverns
  Grum (D:10)
  A hog (D:9)
  5 basilisks
  4 hungry ghosts
  9 vampire mosquitoes
  A death yak simulacrum (IceCv)
  68 nagas
  2 soldier ants
  3 wargs (Orc:1)
  11 insubstantial wisps
  19 swamp worms
  3 acid dragons
  Duvessa (D:6)
  19 water moccasins
  3 porcupines
  7 sky beasts
  10 swamp drakes
  2 black bears
  9 ice beasts
  28 orc warriors
  4 necrophages
  21 ogres
  8 phantoms
  10 centaurs
  9 boggarts (Depths:1)
  7 wolves
  11 crocodiles
  4 big kobolds
  11 bullfrogs
  Blork the orc (D:6)
  An earth elemental (Elf:2)
  4 scorpions
  Dowan (D:6)
  36 killer bees
  5 wights (D:11)
  10 crimson imps
  7 howler monkeys
  A jelly (D:9)
  2 lava snakes (Elf:2)
  14 hounds
  2 bullfrog zombies
  5 draconian simulacra (IceCv)
  A quasit (D:7)
  19 orc priests
  3 bullfrog skeletons
  6 centaur skeletons
  2 iguanas
  15 worker ants
  25 orc wizards
  7 troll simulacra (IceCv)
  A spriggan simulacrum (IceCv)
  A polar bear simulacrum (IceCv)
  A wolf simulacrum (IceCv)
  A killer bee zombie (D:10)
  3 centaur simulacra (IceCv)
  4 hound skeletons
  7 gnolls
  22 adders
  2 naga simulacra (IceCv)
  2 ogre simulacra (IceCv)
  A shadow imp (D:7)
  12 white imps (IceCv)
  2 oozes (D:3)
  An adder skeleton (D:4)
  8 worms
  2 dart slugs
  3 leopard geckos
  78 orcs
  4 ball pythons
  11 giant cockroaches
  6 goblins
  6 hobgoblins
  21 jackals
  7 quokkas
  5 bats
  7 frilled lizards
  27 kobolds
  A leopard gecko skeleton (D:4)
  A quokka skeleton (D:8)
  6 rats
  2 plants (Lair:6)
1497 creatures vanquished.

Vanquished Creatures (collateral kills)
  A wizard (D:13)
  3 humans (D:13)
4 creatures vanquished.

Vanquished Creatures (others)
  A golden dragon (Depths:1)
  A deep elf master archer (Elf:3)
  A tengu reaver (Depths:1)
  A stone giant (Depths:3)
  A spark wasp (Depths:1)
  An ettin (Depths:1)
  A deep elf high priest (Elf:3)
  A great orb of eyes (Depths:3)
  A centaur warrior (D:14)
  A naga warrior (Snake:4)
  6 naga sharpshooters
  A spriggan berserker (Depths:1)
  A deep elf knight (Elf:3)
  An iron troll (Depths:3)
  A naga ritualist (Snake:4)
  A deep elf mage (Elf:1)
  A deep elf archer (Elf:1)
  A cyclops (D:13)
  A naga mage (Snake:2)
  3 yaktaurs
  A water elemental (Depths:1)
  A spriggan (Swamp:1)
  A naga (Snake:4)
  A boggart (Depths:1)
  3 centaurs (D:13)
  A big kobold (shapeshifter) (Depths:3)
  An orc (Orc:1)
  15 fungi
  26 plants
  33 spectral weapons
  4 toadstools (D:13)
114 creatures vanquished.

Grand Total: 1615 creatures vanquished

Notes
Turn   | Place    | Note
-------+----------+-------------------------------------------
     0 | D:1      | gruber the Vine Stalker Fighter began the quest for the
                  | Orb.
     0 | D:1      | Reached XP level 1. HP: 11/11 MP: 2/2
   349 | D:1      | You fall into a shaft and drop 1 floor!
   351 | D:2      | Reached XP level 2. HP: 16/16 MP: 3/3
   640 | D:2      | You fall into a shaft and drop 2 floors!
   842 | D:4      | Found a glowing drain.
   858 | D:4      | Reached XP level 3. HP: 17/19 MP: 4/4
   885 | Sewer    | Entered a sewer
  1317 | Sewer    | Gained mutation: Your natural rate of healing is unusually
                  | fast. [Vine Stalker growth]
  1317 | Sewer    | Reached XP level 4. HP: 23/23 MP: 5/5
  2166 | D:3      | Found a white marble altar of Elyvilon.
  2166 | D:3      | Found an iron altar of Okawaru.
  2194 | D:3      | Became a worshipper of Warmaster Okawaru
  2299 | D:2      | Found an ancient bone altar of Kikubaaqudgha.
  2690 | D:1      | Reached XP level 5. HP: 27/27 MP: 6/6
  3495 | D:3      | Reached skill level 5 in Polearms
  4066 | D:4      | Noticed Eustachio
  4089 | D:4      | Killed Eustachio
  4089 | D:4      | Reached * piety under Okawaru
  4089 | D:4      | Reached XP level 6. HP: 29/32 MP: 5/7
  4568 | D:4      | Reached XP level 7. HP: 35/35 MP: 8/8
  4599 | D:4      | Found a basalt altar of Yredelemnul.
  4755 | D:5      | Entered Level 5 of the Dungeon
  5015 | D:4      | Reached skill level 1 in Invocations
  5059 | D:5      | Reached ** piety under Okawaru
  5254 | D:5      | Gained mutation: You have razor-sharp teeth. [Vine Stalker
                  | growth]
  5254 | D:5      | Reached XP level 8. HP: 35/40 MP: 9/11
  6079 | D:6      | Noticed Duvessa
  6079 | D:6      | Noticed Dowan
  6083 | D:6      | Noticed Prince Ribbit
  6090 | D:6      | Killed Duvessa
  6093 | D:6      | Killed Dowan
  6095 | D:6      | Noticed Blork the orc
  6097 | D:6      | Killed Prince Ribbit
  6097 | D:6      | Reached skill level 5 in Invocations
  6111 | D:6      | Killed Blork the orc
  6111 | D:6      | Reached XP level 9. HP: 46/46 MP: 11/14
  6155 | D:6      | Found a sacrificial altar of Ru.
  6170 | D:6      | Reached *** piety under Okawaru
  6170 | D:6      | Reached skill level 5 in Shields
  6267 | D:6      | Noticed Sigmund
  6275 | D:6      | Killed Sigmund
  6289 | D:6      | Reached skill level 5 in Fighting
  6672 | D:6      | Found a staircase to the Ecumenical Temple.
  6695 | D:7      | Found Lihod's Distillery.
  6717 | D:7      | Bought a potion of haste for 150 gold pieces
  6717 | D:7      | Bought a potion of degeneration for 15 gold pieces
  6780 | D:7      | Found Idemab's Book Emporium.
  6781 | D:7      | Found Etabeocaff's Magic Scroll Boutique.
  6808 | D:7      | Bought a scroll of remove curse for 42 gold pieces
  6808 | D:7      | Bought a scroll of identify for 28 gold pieces
  6808 | D:7      | Bought a scroll of identify for 28 gold pieces
  6808 | D:7      | Bought a scroll of identify for 28 gold pieces
  6808 | D:7      | Bought a scroll of remove curse for 42 gold pieces
  6901 | D:7      | Found Veuqilih's Food Shop.
  7172 | D:7      | Reached **** piety under Okawaru
  7683 | D:8      | Reached XP level 10. HP: 48/55 MP: 12/15
  8278 | D:9      | Reached ***** piety under Okawaru
  8288 | D:9      | Found a runed translucent gate.
  8288 | D:9      | Found a runed translucent gate.
  8288 | D:9      | Found a runed translucent gate.
  8288 | D:9      | Noticed akello96's ghost (novice DEEE)
  8440 | D:9      | Received a gift from Okawaru
  8521 | D:9      | Reached skill level 5 in Armour
  8803 | D:9      | Noticed an obsidian statue
  8915 | D:9      | Reached XP level 11. HP: 39/60 MP: 11/16
  9031 | D:9      | Reached skill level 1 in Dodging
  9123 | D:10     | Entered Level 10 of the Dungeon
  9213 | D:10     | Found a staircase to the Lair.
  9359 | D:10     | Noticed Grum
  9359 | D:10     | Noticed a two-headed ogre
  9402 | D:9      | Killed a two-headed ogre
  9548 | D:10     | Killed Grum
  9582 | D:10     | Found Acumnach's General Store.
  9604 | D:10     | Found Koupp's General Store.
  9616 | D:10     | Reached skill level 5 in Dodging
  9661 | D:10     | Bought a scarf of repulsion for 168 gold pieces
  9666 | D:10     | Bought a scroll of identify for 30 gold pieces
  9758 | D:10     | Noticed Psyche
  9760 | D:10     | Noticed a two-headed ogre
  9778 | D:10     | Killed a two-headed ogre
  9800 | D:10     | Killed Psyche
  9904 | D:10     | Found Naokow's Assorted Antiques.
  9913 | D:10     | Got a shimmering long sword
  9914 | D:10     | Identified the cursed +1 long sword "Newtbane" {flame,
                  | Dex+3} (You found it on level 10 of the Dungeon)
  9921 | D:10     | Found Genni's Distillery.
 10072 | D:10     | Found Wuamnoige's Antique Weapon Shop.
 10277 | D:11     | Found a stormy altar of Qazlal.
 10366 | D:11     | Found Qidem's General Store.
 10376 | D:11     | Noticed a brown ugly thing
 10392 | D:11     | Killed a brown ugly thing
 10479 | D:11     | Found a staircase to the Orcish Mines.
 10544 | D:11     | Got a shimmering dagger
 10545 | D:11     | Identified the +3 dagger of Gallantry {freeze, *Rage rF+++
                  | rC++ MR-} (You found it on level 11 of the Dungeon)
 10652 | D:11     | Gained mutation: You heal very quickly. [Vine Stalker
                  | growth]
 10652 | D:11     | Reached XP level 12. HP: 62/64 MP: 17/17
 10929 | D:12     | Found Qyohinly's Armour Shop.
 10961 | D:12     | Received a gift from Okawaru
 11090 | D:12     | Found Jushuw's Distillery.
 11406 | D:12     | Noticed a two-headed ogre
 11437 | D:12     | Killed a two-headed ogre
 11490 | D:12     | Found Unged's Antique Armour Emporium.
 11598 | D:12     | Received a gift from Okawaru
 11598 | D:12     | Reached skill level 10 in Polearms
 11699 | D:12     | Found Gaptuats's Gadget Shop.
 11749 | D:12     | Noticed Sonja
 11778 | D:12     | Killed Sonja
 12145 | D:13     | Noticed a two-headed ogre
 12157 | D:12     | Killed a two-headed ogre
 12169 | D:13     | Reached ****** piety under Okawaru
 12255 | Lair:1   | Entered Level 1 of the Lair of Beasts
 12289 | Lair:1   | Received a gift from Okawaru
 12484 | Lair:1   | Reached XP level 13. HP: 60/68 MP: 18/18
 12541 | Lair:1   | Found a frozen archway.
 12583 | IceCv    | Entered an ice cave
 12785 | IceCv    | HP: 3/102 [freezing wraith (8)]
 12940 | IceCv    | Found an ancient bone altar of Kikubaaqudgha.
 13988 | Lair:1   | Noticed Urug
 14015 | Lair:1   | Killed Urug
 14454 | Lair:2   | Found a staircase to the Snake Pit.
 14721 | Lair:2   | Found a staircase to the Swamp.
 15287 | Lair:3   | Received a gift from Okawaru
 15369 | Lair:3   | Reached skill level 10 in Fighting
 15549 | Lair:3   | Reached XP level 14. HP: 77/77 MP: 19/19
 16495 | Lair:5   | Noticed Josephine
 16752 | Lair:5   | Received a gift from Okawaru
 17078 | Lair:5   | Killed Josephine
 17505 | Lair:6   | Entered Level 6 of the Lair of Beasts
 17634 | Lair:6   | Found a staircase to the Slime Pits.
 17635 | Lair:6   | Found a viscous altar of Jiyva.
 17904 | Lair:6   | Reached skill level 10 in Shields
 18634 | Lair:6   | Noticed a dire elephant
 18652 | Lair:6   | Killed a dire elephant
 18662 | Lair:6   | Noticed a dire elephant
 18662 | Lair:6   | Noticed a dire elephant
 18680 | Lair:6   | Noticed a dire elephant
 18719 | Lair:6   | Killed a dire elephant
 18756 | Lair:6   | Noticed a dire elephant
 18774 | Lair:6   | Noticed a dire elephant
 18795 | Lair:6   | Killed a dire elephant
 18893 | Lair:6   | Killed a dire elephant
 18982 | Lair:6   | Killed a dire elephant
 19064 | Lair:6   | Received a gift from Okawaru
 19109 | Lair:6   | Got a polished demon trident {god gift}
 19110 | Lair:6   | Identified the +1 demon trident "Junk" {venom, rC- rN+
                  | Dex+4} (Okawaru gifted it to you on level 6 of the Lair of
                  | Beasts)
 19210 | Lair:6   | Identified the Tome of the Ashen Traveller
 19382 | Orc:1    | Entered Level 1 of the Orcish Mines
 19382 | Orc:1    | Found Azxaifag's Weapon Shoppe.
 19572 | Orc:1    | Found Binijant's Armour Boutique.
 19592 | Orc:1    | Found Onogocw's Antique Weapon Shop.
 19711 | Orc:2    | Entered Level 2 of the Orcish Mines
 19805 | Orc:1    | Found Guukh's Jewellery Shop.
 19813 | Orc:1    | Bought a cursed amulet of inaccuracy for 26 gold pieces
 20046 | Orc:2    | Found a staircase to the Elven Halls.
 20181 | Orc:2    | Reached XP level 15. HP: 82/82 MP: 20/20
 21091 | Orc:2    | Found Tonal's General Store.
 21091 | Orc:2    | Found Kajer's Antique Armour Boutique.
 21091 | Orc:2    | Found Wocsaib's Jewellery Shop.
 21091 | Orc:2    | Found Rol Yrgh's Antique Weapon Boutique.
 21288 | Orc:2    | Noticed an orc warlord
 21388 | Orc:2    | Killed an orc warlord
 21699 | Snake:1  | Entered Level 1 of the Snake Pit
 21699 | Snake:1  | Noticed Aizul
 21770 | Lair:2   | Killed Aizul
 21854 | Snake:1  | Found Ycve's Book Shoppe.
 22012 | D:12     | Bought the +0 pair of fencer's gloves {Riposte Dex+3} for
                  | 1080 gold pieces
 22012 | D:12     | Found the +0 pair of fencer's gloves {Riposte Dex+3}
 22183 | Snake:1  | Received a gift from Okawaru
 23130 | Snake:1  | Found an ancient bone altar of Kikubaaqudgha.
 23280 | Snake:2  | Learned a level 3 spell: Regeneration
 23284 | Snake:2  | Learned a level 3 spell: Spectral Weapon
 23328 | Snake:2  | Upgraded the game from 0.24-a0-479-g9a978d2894 to
                  | 0.24-a0-486-ged8816983f
 23468 | Snake:2  | Reached skill level 15 in Shields
 23659 | Snake:2  | Reached XP level 16. HP: 72/87 MP: 21/21
 23708 | Snake:2  | Reached skill level 1 in Charms
 23731 | Snake:2  | Reached skill level 1 in Hexes
 23731 | Snake:2  | Reached skill level 1 in Necromancy
 23911 | Snake:2  | Received a gift from Okawaru
 23914 | Snake:2  | Got an ichor-stained helmet {god gift}
 23915 | Snake:2  | Identified the +3 helmet of Okawaru's Generosity {Dex+3}
                  | (Okawaru gifted it to you on level 2 of the Snake Pit)
 24091 | Snake:2  | Found a white marble altar of Elyvilon.
 24915 | Snake:3  | Found Mashre's Jewellery Shoppe.
 25021 | Snake:3  | Noticed a nagaraja
 25039 | Snake:3  | Killed a nagaraja
 25048 | Snake:3  | Noticed a nagaraja
 25075 | Snake:3  | Killed a nagaraja
 25972 | Snake:4  | Entered Level 4 of the Snake Pit
 26026 | Snake:4  | Reached skill level 5 in Hexes
 26038 | Snake:4  | Reached skill level 5 in Charms
 26042 | Snake:4  | Reached skill level 5 in Necromancy
 26387 | Snake:4  | Noticed a nagaraja
 26425 | Snake:4  | Killed a nagaraja
 26670 | Snake:4  | Found Vyppaiba's Weapon Emporium.
 27160 | Snake:4  | Reached XP level 17. HP: 89/91 MP: 22/22
 27435 | Snake:4  | Received a gift from Okawaru
 27773 | Swamp:1  | Entered Level 1 of the Swamp
 29960 | Swamp:3  | Received a gift from Okawaru
 30332 | Swamp:3  | Noticed Bai Suzhen
 30363 | Swamp:3  | Killed Bai Suzhen
 30607 | Swamp:4  | Entered Level 4 of the Swamp
 30904 | Swamp:4  | Reached skill level 10 in Charms
 30918 | Swamp:4  | Reached skill level 10 in Necromancy
 30935 | Swamp:4  | Reached XP level 18. HP: 96/96 MP: 23/23
 31052 | Swamp:4  | Received a gift from Okawaru
 31067 | Swamp:4  | Got a decaying rune of Zot
 32475 | D:13     | Found a gate to the Vaults.
 32987 | D:14     | Found a blossoming altar of Fedhas.
 33279 | D:14     | Found a large runed translucent door.
 33279 | D:14     | Found a large runed translucent door.
 33472 | D:14     | Found Iskufati's Book Emporium.
 33518 | D:14     | Noticed Woryl's ghost (journeyman CeHu)
 33639 | D:9      | Killed akello96's ghost
 33779 | D:15     | Entered Level 15 of the Dungeon
 34070 | D:15     | Reached skill level 10 in Armour
 34321 | D:15     | Received a gift from Okawaru
 34423 | D:15     | Found a staircase to the Depths.
 34886 | Depths:1 | Entered Level 1 of the Depths
 34886 | Depths:1 | Found a one-way gate to the infinite horrors of the Abyss.
 35189 | Depths:1 | Reached XP level 19. HP: 73/100 MP: 24/24
 35905 | Depths:2 | Received a gift from Okawaru
 36357 | Depths:2 | Received a gift from Okawaru
 36453 | Depths:2 | Identified the +7 scale mail "Attihof" {rElec}
 37064 | Depths:2 | Found a gateway to Hell.
 37720 | Snake:4  | Reached XP level 20. HP: 105/105 MP: 25/25
 37780 | Snake:4  | Received a gift from Okawaru
 37837 | Snake:4  | Got a serpentine rune of Zot
 37926 | Snake:4  | Reached skill level 15 in Armour
 38257 | Elf:1    | Entered Level 1 of the Elven Halls
 38304 | Elf:1    | Found a radiant altar of Vehumet.
 38450 | Elf:1    | Identified the Incunabulum of the Escort
 38488 | Elf:1    | Reached skill level 1 in Spellcasting
 39260 | Elf:1    | Reached skill level 5 in Spellcasting
 39864 | Elf:2    | Found Hagixkade's Elven Fire.
 40368 | Elf:2    | Received a gift from Okawaru
 40408 | Elf:2    | Identified 2 scrolls of acquirement
 40415 | Elf:2    | Got an encrusted chain mail
 40416 | Elf:2    | Identified the +0 chain mail of Conscience {rElec} (You
                  | acquired it on level 2 of the Elven Halls)
 40647 | Elf:2    | Found a huge runed translucent gate.
 40647 | Elf:2    | Found a huge runed translucent gate.
 40647 | Elf:2    | Found a huge runed translucent gate.
 40647 | Elf:2    | Found a huge runed translucent gate.
 40652 | Elf:2    | Found a huge runed translucent gate.
 41108 | Elf:2    | Reached skill level 10 in Spellcasting
 41174 | Elf:2    | HP: 5/105 [+1 halberd of pain (7)]
 41500 | Elf:2    | Reached XP level 21. HP: 109/109 MP: 34/36
 41598 | Elf:3    | Entered Level 3 of the Elven Halls
 41612 | Elf:3    | Found Nyifa's Antique Armour Emporium.
 41612 | Elf:3    | Found Iwof's Food Shoppe.
 41616 | Elf:3    | Found Ustitsah's Antique Weapon Emporium.
 41973 | Elf:3    | Identified the ring "Yphoafu" {+Fly rPois rF- rN++ Str+3}
 42076 | Elf:3    | Identified the ring "Weequor" {Slay+2 Stlth-}
 42097 | Elf:3    | Identified the +7 great mace "Caurch" {venom, rF+ rC+}
 42112 | Elf:3    | Reached skill level 10 in Dodging
 42173 | Elf:3    | Received a gift from Okawaru
 42732 | Elf:3    | Identified a +1 pair of boots of running (You found it on
                  | level 3 of the Elven Halls)
 42911 | Elf:3    | Noticed Mara
 42926 | Elf:3    | Noticed gruber's illusion
 43040 | Elf:3    | Killed Mara
 43589 | Snake:3  | Bought the amulet of the Four Winds {rN+ MR+++ Clar} for
                  | 790 gold pieces
 43589 | Snake:3  | Found the amulet of the Four Winds {rN+ MR+++ Clar}
 44005 | Depths:3 | Found a gateway to a ziggurat.
 44208 | Depths:3 | Reached XP level 22. HP: 114/114 MP: 37/37
 44322 | Depths:3 | Found a flickering gateway to a bazaar.
 44332 | Bazaar   | Entered a bazaar
 44332 | Bazaar   | Found Xarr's General Store.
 44332 | Bazaar   | Found Bautt's Antique Weapon Emporium.
 44336 | Bazaar   | Found Zilev's Jewellery Shoppe.
 44350 | Bazaar   | Found Dech's Book Emporium.
 44368 | Bazaar   | Bought a scroll of enchant weapon for 67 gold pieces
 44368 | Bazaar   | Bought a scroll of identify for 18 gold pieces
 44531 | Depths:3 | Received a gift from Okawaru
 44564 | Depths:3 | Found a one-way gate leading to the halls of Pandemonium.
 45177 | Depths:1 | Noticed a golden dragon
 45193 | Depths:1 | Banished a golden dragon
 45248 | Depths:1 | Noticed a caustic shrike
 45249 | Depths:1 | Noticed a juggernaut
 45253 | Depths:1 | Killed a caustic shrike
 45275 | Depths:1 | HP: 2/114 [titan/bolt of lightning (20)]
 45275 | Depths:1 | Noticed a juggernaut
 45278 | Depths:1 | Killed from afar by a titan

Levels and vault maps discovered:
D:1:      dpeg_arrival_chambers_temple_mockup, layout_loops_ring, serial_forest,
          infiniplex_forest_clump_curved, infiniplex_forest_lined_2,
          infiniplex_forest_lined_3_way, infiniplex_forest_clump_double,
          infiniplex_forest_clump_C
D:2:      layout_basic, marbit_many_paths, first_ration
D:3:      layout_loops_corners, gammafunk_temple_overflow_pools
D:4:      layout_basic, portal_sewer_entry_f, yredelemnul_altar_generic,
          uniq_eustachio
D:5:      minmay_octagon_keep, layout_layer_cave, serial_glass, glass_columns_c,
          glass_columns_b
D:6:      layout_cave_pools, lemuel_crystal_altar, minmay_temple_entry_fiery,
          uniq_prince_ribbit1, uniq_duvessa, uniq_blork_the_orc, uniq_sigmund
D:7:      mumra_celtic_spiral_tile, layout_basic, serial_shops, shop, shop,
          nicolae_shop_statue_plus, shop
D:8:      layout_basic
D:9:      layout_gridville, serial_shops, nicolae_shop_overgrown_old_shop,
          ebering_ghost_rock_garden, grunt_livestock, minmay_statue_bubble
D:10:     layout_cave_pools, david_lair_generic, serial_shops, shop,
          kennysheep_mini, shop, shop, shop, minmay_fractal_squares_gapless_5,
          uniq_psyche, uniq_grum
D:11:     layout_rooms, orc_0_dummy, serial_shops, shop, serial_corexii_hall,
          corexii_hall_statues_x, chequers_hall_statues_wall_a,
          nicolae_qazlal_general_emergency
D:12:     layout_irregular_city, serial_shops, shop, shop_fountains,
          nicolae_shop_crystal, nicolae_shop_behind_doors, nicolae_sextant,
          uniq_sonja
D:13:     layout_long_grid, grunt_vaults_entry_tiered, minmay_gold_behind_fungi
D:14:     layout_irregular_city, serial_shops, shop,
          ebering_ghost_disaster_area, fedhas_altar_2, grunt_ministairs_13
D:15:     hangedman_depths_entry_civil_slaughter, layout_basic,
          serial_corexii_hall, corexii_hall_statues_s,
          chequers_hall_statues_wall_a, chequers_hall_statues_corner_a,
          corexii_hall_statues_x, corexii_hall_statues_x,
          corexii_hall_statues_i, special_room [special_room_bee],
          minmay_misc_feat_x
Lair:1:   layout_loops_ring, portal_ice_cave_demonic_guard,
          infiniplex_staircase_pool_2, uniq_urug
Lair:2:   layout_chaotic_city, skrybe_swamp_entry_bodies,
          minmay_snake_entry_six_corridors, wad_woods_01
Lair:3:   layout_misc_corridors
Lair:4:   layout_misc_corridors
Lair:5:   layout_cave_pods, st_stairs_6, infiniplex_staircase_pool,
          uniq_josephine, uniq_snorg
Lair:6:   due_jungle_book, layout_regular_city, slime_altar_1,
          grunt_megastairs_2, serial_bayou_shore_b, minmay_lair_oklob_chamber
Swamp:1:  layout_basic_swamp, nicolae_swamp_round_clearing, swamp_pool2,
          nicolae_swamp_dense_foliage
Swamp:2:  layout_basic_swamp, hangedman_swamp_lotus
Swamp:3:  layout_falls_marsh, hangedman_swamp_ruin_wall, uniq_bai_suzhen
Swamp:4:  swamp_alternative, layout_basic_swamp
Snake:1:  layout_concentric_octagons, serial_shops, nicolae_shop_stone,
          basic_altar, grunt_ministairs_2, grunt_megastairs_4, uniq_aizul
Snake:2:  layout_layer_cave, basic_altar, grunt_megastairs_1
Snake:3:  layout_layer_cave, serial_shops, shop
Snake:4:  johnstein_snake_rune_scales, layout_cave_town, serial_shops,
          nicolae_shop_statue_plus, grunt_ministairs_4
Orc:1:    layout_diamond_mine, serial_shops, nicolae_shop_stone, shop,
          nicolae_shop_statue_plus, nicolae_shop_trees
Orc:2:    st_orc_congregation, layout_diamond_mine
Elf:1:    eino_elf_arrival_altar, layout_onion_city, minmay_elf_demonology,
          minivault_16
Elf:2:    layout_loops_cross, guppyfry_elf_lava
Elf:3:    minmay_elf_hall_not_hex, layout_loops_ring,
          serial_sigils_hangedman_stare, minmay_shop_star, uniq_mara
Depths:1: gammafunk_depths_water_palace, layout_cave_shapes,
          chequers_decorated_corner, hellmouth_1, abyss_entry
Depths:2: minmay_the_grid_square_5x5_3x3 [minmay_the_grid_square_5x5_longway,
          minmay_the_grid_square_5x5_hourglass, minmay_the_grid_square_5x5_two,
          minmay_the_grid_square_5x5_dogpile,
          minmay_the_grid_square_5x5_megaprize_crossed,
          minmay_the_grid_square_5x5_shrine1,
          minmay_the_grid_square_5x5_fancy_junction,
          minmay_the_grid_square_5x5_tetrominoes,
          minmay_the_grid_square_5x5_fat_x], layout_basic,
          chequers_serial_rivers_room_b, pf_coc_iceberg, serial_bayou_shore_a
Depths:3: minmay_diamond_stairs, layout_twisted_cross, enter_ziggurat_a,
          serial_shops, freezing_bzr, grunt_hell_entry_dis_old, pan_entry

Skill      XL: |  1  2  3  4  5  6  7  8  9 10 11 12 13 14 15 16 17 18 19 20 21 22 |
---------------+-------------------------------------------------------------------+-----
Polearms       | 2 3 4 6 7 11 13 14 | 14.8
Invocations    | 3 5 |  5.6
Shields        | 3 4 7 8 9 11 15 | 15.1
Fighting       | 3 4 7 8 10 11 | 11.0
Armour         | 7 8 11 14 15 | 15.4
Dodging        | 7 12 | 12.0
Charms         | 6 10 11 | 11.0
Hexes          | 6 8 |  8.0
Necromancy     | 6 10 11 | 11.0
Spellcasting   | 10 | 10.0

Action                   |  1- 3 |  4- 6 |  7- 9 | 10-12 | 13-15 | 16-18 | 19-21 | 22-24 || total
-------------------------+-------+-------+-------+-------+-------+-------+-------+-------++-------
Melee: Trident           |   118 |   307 |   353 |   779 |       |       |       |       ||  1557
       Bite              |    28 |    85 |   126 |   464 |  1444 |  1780 |  1537 |    25 ||  5489
       Spear             |       |       |       |   552 |  3267 |  3327 |  2962 |       || 10108
       Demon trident     |       |       |       |       |       |       |   151 |   193 ||   344
Throw: Dart              |       |       |       |       |       |       |     4 |       ||     4
 Cast: Spectral Weapon   |       |       |       |       |       |       |    51 |    16 ||    67
       Regeneration      |       |       |       |       |       |       |     1 |       ||     1
Invok: Heroism           |       |       |     4 |    18 |    34 |    26 |    27 |     1 ||   110
       Finesse           |       |       |       |       |     9 |     4 |     7 |     1 ||    21
Evoke: Wand              |       |       |       |     1 |     4 |       |       |       ||     5
  Use: Scroll            |       |    10 |     1 |     7 |     8 |     3 |    17 |     1 ||    47
       Potion            |       |       |     1 |     1 |     1 |     1 |     1 |     1 ||     6
 Stab: Distracted        |       |     1 |       |     1 |       |     2 |    12 |       ||    16
       Confused          |       |       |       |       |       |     3 |     2 |       ||     5
  Eat: Chunk             |     1 |    12 |     7 |    10 |    27 |    18 |    24 |     1 ||   100
       Ration            |       |       |     1 |     3 |     3 |     7 |     4 |     1 ||    19
Armor: Scale mail        |    46 |   106 |   149 |   399 |       |       |       |       ||   700
       Ring mail         |       |       |       |     4 |   243 |       |       |       ||   247
       Chain mail        |       |       |       |       |    44 |   555 |   425 |    21 ||  1045
Dodge: Dodged            |    25 |    65 |    76 |   438 |   603 |   509 |   344 |    41 ||  2101
       Deflected         |       |       |       |     6 |    27 |    41 |    32 |     7 ||   113
Block: Shield            |    62 |   110 |   159 |   725 |   278 |       |       |       ||  1334
       Buckler           |       |       |       |       |    79 |       |       |       ||    79
       Large shield      |       |       |       |       |  1088 |  2466 |  1875 |    88 ||  5517
       Reflection        |       |       |       |       |    26 |   174 |   140 |       ||   340
       Rpst.: Spear      |       |       |       |       |     9 |    84 |    51 |       ||   144
       Demon trident     |       |       |       |       |       |       |       |     1 ||     1

Table legend:
 A = Non-vault XP
 B = Vault XP
 C = Vault XP percentage of total XP
 D = Non-vault monster count
 E = Vault monster count
 F = Vault count percentage of total count
                 A         B        C        D         E       F
            +---------+---------+-------+---------+---------+-------
      Total |  356819 |  272439 |  43.3 |    1017 |     521 |  33.9
            +---------+---------+-------+---------+---------+-------
        D:1 |      16 |       0 |   0.0 |       9 |       0 |   0.0
        D:2 |      50 |      13 |  20.6 |      14 |       1 |   6.7
        D:3 |     138 |       0 |   0.0 |      34 |       0 |   0.0
        D:4 |     283 |     209 |  42.5 |      24 |       7 |  22.6
        D:5 |     682 |     248 |  26.7 |      24 |       6 |  20.0
        D:6 |     902 |     815 |  47.5 |      14 |       5 |  26.3
        D:7 |    1190 |       0 |   0.0 |      16 |       0 |   0.0
        D:8 |    1164 |       0 |   0.0 |      30 |       0 |   0.0
        D:9 |    4297 |    1857 |  30.2 |      55 |       7 |  11.3
       D:10 |    2085 |    2860 |  57.8 |      31 |      11 |  26.2
       D:11 |    3054 |     121 |   3.8 |      23 |       1 |   4.2
       D:12 |   10395 |     807 |   7.2 |      50 |       1 |   2.0
       D:13 |    6306 |    6767 |  51.8 |      35 |      25 |  41.7
       D:14 |    5328 |     862 |  13.9 |      16 |       2 |  11.1
       D:15 |   22534 |    6891 |  23.4 |      40 |      31 |  43.7
     Lair:1 |    5137 |    1566 |  23.4 |      23 |       3 |  11.5
     Lair:2 |    4313 |    4181 |  49.2 |      21 |      20 |  48.8
     Lair:3 |    7112 |       0 |   0.0 |      15 |       0 |   0.0
     Lair:4 |     411 |     209 |  33.7 |       1 |       1 |  50.0
     Lair:5 |    3757 |    1838 |  32.9 |      12 |       4 |  25.0
     Lair:6 |   14616 |    5256 |  26.4 |      39 |      11 |  22.0
    Swamp:1 |    7026 |       0 |   0.0 |      20 |       0 |   0.0
    Swamp:2 |   11153 |       0 |   0.0 |      37 |       0 |   0.0
    Swamp:3 |   16767 |    5365 |  24.2 |      41 |       1 |   2.4
    Swamp:4 |   10201 |   18774 |  64.8 |      21 |      29 |  58.0
    Snake:1 |   15679 |    5827 |  27.1 |      30 |      12 |  28.6
    Snake:2 |   18466 |    2031 |   9.9 |      36 |       4 |  10.0
    Snake:3 |   15675 |       0 |   0.0 |      23 |       0 |   0.0
    Snake:4 |   15098 |   42869 |  74.0 |      32 |      70 |  68.6
      Orc:1 |    1406 |       0 |   0.0 |      12 |       0 |   0.0
      Orc:2 |    1639 |   11325 |  87.4 |      22 |      63 |  74.1
      Elf:1 |   23247 |   11226 |  32.6 |      43 |      14 |  24.6
      Elf:2 |   19596 |   26052 |  57.1 |      34 |      34 |  50.0
      Elf:3 |   22292 |   52464 |  70.2 |      33 |      31 |  48.4
   Depths:1 |   22649 |   25791 |  53.2 |      31 |      29 |  48.3
   Depths:2 |   34053 |   25302 |  42.6 |      40 |      20 |  33.3
   Depths:3 |   28102 |    4220 |  13.1 |      36 |       3 |   7.7
      Sewer |       0 |      64 | 100.0 |       0 |      21 | 100.0
      IceCv |       0 |    6629 | 100.0 |       0 |      54 | 100.0
            +---------+---------+-------+---------+---------+-------
